 Dungeon Crawl Stone Soup version 0.29-a0-322-g68df515428 (webtiles) character file.

Game seed: 2455023947915284086

564 spaghetti the Covered (level 7, -2/52 HPs)
             Began as a Formicid Berserker on Apr 9, 2022.
             Was a Priest of Trog.
             Slain by an orc priest
             ... wielding a +0 falchion
              (4 damage)
             ... on level 4 of the Dungeon.
             The game lasted 00:04:17 (3434 turns).

spaghetti the Covered (Formicid Berserker)          Turns: 3434, Time: 00:04:18

Health: -2/52      AC:  2    Str: 24    XL:     7   Next: 58%
Magic:  7/7        EV: 12    Int:  6    God:    Trog [***...]
Gold:   287        SH:  0    Dex: 10    Spells: 6/6 levels left

rFire   . . .      SeeInvis +   a - +0 hand axe {axe}
rCold   . . .      Faith    .   (no shield)
rNeg    . . .      Spirit   .   b - +0 animal skin
rPois   .          Reflect  .   (helmet unavailable)
rElec   .          Harm     .   (no cloak)
rCorr   .          Rampage  .   (no gloves)
Will    .....                   (no boots)
Stlth   +.........              (no amulet)
HPRegen 0.17/turn               i - +4 ring of slaying
MPRegen 0.10/turn               (no ring)

@: no status effects
A: permanent stasis, dig shafts and tunnels, antennae 3, four strong arms
a: Dig, Shaft Self, Renounce Religion, Trog's Hand


You were on level 4 of the Dungeon.
You worshipped Trog.
Trog was most pleased with you.
You visited 1 branch of the dungeon, and saw 4 of its levels.

You collected 287 gold pieces.


Innate Abilities, Weirdness & Mutations

You cannot be hasted, slowed, berserked, paralysed or teleported.
You can dig through walls and to a lower floor.
You have a pair of large antennae on your head. (SInv)
Your four strong arms can wield two-handed weapons with a shield.


   Skills:
 - Level 3.2 Fighting
 + Level 4.8 Axes
 + Level 3.4 Throwing
 * Level 6.2 Armour
 - Level 1.7 Dodging


You had 6 spell levels left.
You didn't know any spells.
Your spell library contained the following spells:

 Spells                   Type           Power      Damage    Failure   Level
 Freeze                   Ice            0%         1d3       45%         1
 Scorch                   Fire           0%         2d5       58%         2
 Frozen Ramparts          Ice            0%         1d2       83%         3
 Flame Wave               Conj/Fire      0%         2d4       99%         4
 Hailstorm                Conj/Ice       0%         3d3       99%         4
 Summon Cactus Giant      Summ           0%         N/A       100%        6

Inventory:

Hand Weapons
 a - a +0 hand axe (weapon) {axe}
Missiles
 g - 41 stones (quivered) {throwing}
Armour
 b - a +0 animal skin (worn)
Jewellery
 e - a ring of fire
   (You found it on level 1 of the Dungeon)
 i - a +4 ring of slaying (left hand)
   (You found it on level 2 of the Dungeon)
Wands
 m - a wand of charming (1)
   (You took it off Ijyb on level 3 of the Dungeon)
 n - a wand of digging (3)
   (You found it on level 4 of the Dungeon)
Scrolls
 d - 3 scrolls of teleportation {unknown}
 f - 3 scrolls of identify {unknown}
 h - a scroll of enchant weapon {unknown}
 l - a scroll of enchant armour {unknown}
 o - a scroll of fear {unknown}
Potions
 c - 2 potions of might {unknown}
 j - a potion of ambrosia {unknown}
 k - a potion of brilliance {unknown}

Dungeon Overview and Level Annotations

Branches:
Dungeon (4/15)
 Temple: D:4-7

Altars:
The Shining One

######.#..###.#.#
>... #.#....#.#.#
#.##.#.#.#.#
#.##.#.#.#.#
#.##.#.#.#.#
#.##.#.#.#.#
#.##.#...#.#
#.#####.# #.. #@#
### #.o)o....#
............$
#####.......##
#...(...#
#...(..##
#.......
#.......#


You could see 2 orc priests.


Message History

No target in view!
No target in view!
No target in view!
No target in view!
No target in view!
No target in view!
No target in view!
g - 37 stones {throwing} (gained 2)
g - 38 stones {throwing} (gained 1)
g - 39 stones {throwing} (gained 1)
g - 41 stones {throwing} (gained 2)
You see here a +0 dagger {short}.
g - 44 stones {throwing} (gained 3)
g - 45 stones {throwing} (gained 1) Key pressed, stopping explore.
You sense a monster nearby.
You sense a monster nearby.
No target in view! 2 orcs come into view.
The orc shouts!
The orc moves out of view.
You throw a stone {throwing}. The stone {throwing} hits the orc.
You throw a stone {throwing}.
The stone {throwing} barely misses the orc.
You throw a stone {throwing}.
The stone {throwing} closely misses the orc.
An orc priest comes into view. It is wielding a +0 falchion.
An orc priest comes into view. It is wielding a +0 short sword.
You throw a stone {throwing}.
The stone {throwing} barely misses the orc.
The orc priest shouts!
The stone {throwing} hits the orc priest.
The orc priest calls upon Beogh to heal the orc priest.
The orc priest is healed somewhat.
The orc priest calls down the wrath of Beogh upon you.
Beogh smites you!
You are too injured to fight recklessly!
You are too injured to fight recklessly!
You are too injured to fight recklessly!
You are too injured to fight recklessly!
You are too injured to fight recklessly!
You are too injured to fight recklessly!
You are too injured to fight recklessly!
You are too injured to fight recklessly! 😮 HP[-13]
You take 13 damage, and now have 39/52 hp.
MASSIVE DAMAGE!! (PAUSE)
An orc comes into view. It is wielding a +0 mace.
You hit the orc.
You kill the orc!
Trog accepts your kill.
You hit the orc. The orc barely misses you.
You hit the orc.
The orc hits you with a +0 whip. x2 😮 HP[-6]
You take 6 damage, and now have 33/52 hp.
You slash the orc!
You kill the orc!
Trog accepts your kill. The orc priest closely misses you.
The orc priest hits you but does no damage.
The orc barely misses you.
Items here: )) [[ †.
You hit the orc. You hit the orc priest. You slash the orc priest!
The orc priest hits you with a +0 falchion.
The orc priest hits you with a +0 short sword.
The orc hits you with a +0 mace.
* * * LOW HITPOINT WARNING * * *
😨 HP[-12]
You take 12 damage, and now have 21/52 hp.
MASSIVE DAMAGE!! (PAUSE)
You closely miss the orc. You closely miss the orc priest.
You hit the orc priest. The orc priest barely misses you.
The orc priest mumbles some strange prayers to Beogh against you.
You struggle to resist.
The orc misses you.
You barely miss the orc. You hit the orc priest. x2
The orc priest calls upon Beogh to heal the orc.
The orc's wounds heal themselves!
The orc priest hits you with a +0 short sword.
* * * LOW HITPOINT WARNING * * *
The orc hits you with a +0 mace.
* * * LOW HITPOINT WARNING * * *
😱 HP[-8]
You take 8 damage, and now have 13/52 hp.
Unknown command.
You closely miss the orc. You barely miss the orc priest. x2
The orc priest calls down the wrath of Beogh upon you.
Beogh smites you!
* * * LOW HITPOINT WARNING * * *
The orc priest barely misses you. The orc hits you with a +0 mace.
* * * LOW HITPOINT WARNING * * *
😱 HP[-11]
You take 11 damage, and now have 2/52 hp.
MASSIVE DAMAGE!! (PAUSE) Unknown command.
You slash the orc!
You kill the orc!
Trog accepts your kill.
You completely miss the orc priest. You closely miss the orc priest.
The orc priest hits you with a +0 falchion.
You die...

Skill      XL: |  1  2  3  4  5  6  7 |
---------------+----------------------+-----
Armour         | 3 4 5 6 |  6.2
Throwing       | 1 2 3 |  3.4
Axes           | 4 |  4.8
Fighting       | |  3.2
Dodging        | |  1.7

Action                   |  1- 3 |  4- 6 |  7- 9 || total
-------------------------+-------+-------+-------++-------
Melee: Hand axe          |    85 |    54 |    18 ||   157
       Punch             |       |     1 |       ||     1
Throw: Stone             |     1 |    62 |    29 ||    92
 Stab: Sleeping          |     1 |       |       ||     1
Armor: Animal skin       |    15 |     6 |     1 ||    22
Dodge: Dodged            |    56 |    30 |     9 ||    95

Levels and vault maps discovered:
D:1:      amcnicky_arrival_single_pillar, layout_loops_ring,
          ebering_ecumenical_altar_webs, serial_bayou_pond_d
D:2:      layout_basic, st_stairs_10, kennysheep_donut,
          nicolae_figureground_sparkle
D:3:      layout_loops_ring, uniq_natasha, uniq_sigmund, uniq_ijyb
D:4:      layout_basic, nicolae_uskayaw_murder_on_the_dancefloor,
          mainiacjoe_overflow_chevrons, grunt_temple_overflow_diamond,
          chequers_arboretum

Notes
Turn   | Place    | Note
-------+----------+-------------------------------------------
     0 | D:1      | spaghetti the Formicid Berserker began the quest for the
                  | Orb.
     0 | D:1      | Reached XP level 1. HP: 18/18 MP: 1/1
     0 | D:1      | magus.rc [v1.9.6]
     8 | D:1      | Found a faded altar of an unknown god.
   333 | D:1      | Reached XP level 2. HP: 24/24 MP: 2/2
   856 | D:1      | Reached skill level 3 in Armour
   957 | D:1      | Reached XP level 3. HP: 21/29 MP: 3/3
  1095 | D:1      | Reached skill level 1 in Throwing
  1347 | D:2      | Reached ** piety under Trog
  1486 | D:2      | Reached XP level 4. HP: 20/35 MP: 4/4
  2020 | D:2      | You pick up a book of Scorching {forbidden} and begin
                  | reading...
  2020 | D:2      | You add the spells Scorch, Flame Wave and Summon Cactus
                  | Giant to your library.
  2158 | D:3      | Reached skill level 4 in Armour
  2158 | D:3      | Reached XP level 5. HP: 21/41 MP: 5/5
  2535 | D:3      | Noticed Ijyb
  2558 | D:3      | Killed Ijyb
  2559 | D:3      | Reached skill level 2 in Throwing
  2628 | D:3      | Noticed Sigmund
  2645 | D:3      | Killed Sigmund
  2646 | D:3      | Reached skill level 4 in Axes
  2646 | D:3      | Reached skill level 5 in Armour
  2646 | D:3      | Reached XP level 6. HP: 40/47 MP: 6/6
  2710 | D:3      | Noticed Natasha
  2720 | D:3      | Killed Natasha
  2900 | D:3      | Reached *** piety under Trog
  2997 | D:3      | Noticed Natasha
  3005 | D:3      | Killed Natasha
  3006 | D:3      | Reached XP level 7. HP: 36/52 MP: 7/7
  3226 | D:4      | Reached skill level 3 in Throwing
  3261 | D:4      | Found a glowing golden altar of the Shining One.
  3325 | D:4      | Reached skill level 6 in Armour
  3347 | D:4      | You pick up a book of Frost {forbidden} and begin
                  | reading...
  3347 | D:4      | You add the spells Freeze, Frozen Ramparts and Hailstorm to
                  | your library.
  3432 | D:4      | HP: 13/52 [orc/+0 mace (6)]
  3433 | D:4      | HP: 3/52 [orc priest/divine providence (11)]
  3434 | D:4      | Slain by an orc priest

Vanquished Creatures
  Sigmund (D:3)
  A black bear (D:4)
  An ogre (D:4)
  A hound (D:3)
  Ijyb (D:3)
  Natasha (twice) (D:3)
  3 adders
  A worm (D:4)
  2 dart slugs
  4 orcs
  9 endoplasms
  5 giant cockroaches (D:2)
  9 goblins
  8 hobgoblins
  3 jackals (D:3)
  3 quokkas
  7 ball pythons
  4 bats
  6 frilled lizards
  10 kobolds
  3 rats
84 creatures vanquished.

Table legend:
 A = Non-vault XP
 B = Vault XP
 C = Vault XP percentage of total XP
 D = Non-vault monster count
 E = Vault monster count
 F = Vault count percentage of total count
                 A         B        C        D         E       F
            +---------+---------+-------+---------+---------+-------
      Total |     494 |     316 |  39.0 |      78 |       6 |   7.1
            +---------+---------+-------+---------+---------+-------
        D:1 |      41 |       0 |   0.0 |      25 |       0 |   0.0
        D:2 |      50 |       4 |   7.4 |      22 |       3 |  12.0
        D:3 |     129 |     312 |  70.7 |      19 |       3 |  13.6
        D:4 |     274 |       0 |   0.0 |      12 |       0 |   0.0
            +---------+---------+-------+---------+---------+-------

Illustrated notes

Table legend:
 A = Kills in this place as a percentage of kills in entire the game.
 B = Kills by you in this place as a percentage of kills by you in the entire game.
 C = Kills by friends in this place as a percentage of kills by friends in the entire game.
 D = Other kills in this place as a percentage of other kills in the entire game.
 E = Experience gained in this place as a percentage of experience gained in the entire game.
 F = Experience gained in this place divided by the number of levels of this place that you have seen.
                   A       B       C       D       E      F
               +-------+-------+-------+-------+-------+----------------------
         Total | 100.0 | 100.0 |   N/A |   N/A | 100.0 | 202.5
       Dungeon | 100.0 | 100.0 |   N/A |   N/A | 100.0 | 202.5
               +-------+-------+-------+-------+-------+----------------------

Table legend: (Time is in decaauts)
 A = Elapsed time spent in this place.
 B = Non-inter-level travel time spent in this place.
 C = Inter-level travel time spent in this place.
 D = Time resting spent in this place.
 E = Time spent auto-exploring this place.
 F = Levels seen in this place.
 G = Mean time per level.
                   A        B        C        D        E       F      G
               +--------+--------+--------+--------+--------+-----+--------+
         Total |   3450 |   3399 |     51 |    912 |   1960 |   4 |  862.5 |
       Dungeon |   3450 |   3399 |     51 |    912 |   1960 |   4 |  862.5 |
               +--------+--------+--------+--------+--------+-----+--------+

Top non-repeatable levels by time:
     D:1: 1269 daAuts
     D:3: 1066 daAuts
     D:2: 878 daAuts
     D:4: 235 daAuts
